 Dungeon Crawl Stone Soup version 0.30.1 (webtiles) character file.

Game seed: 9304346093106000945

177 Graphine the Shooter (level 5, -7/41 HPs)
             Began as a Human Hunter on July 10, 2023.
             Mangled by an ice beast (12 damage)
             ... on level 3 of the Dungeon.
             The game lasted 00:03:59 (2184 turns).

Graphine the Shooter (Human Hunter)                 Turns: 2184, Time: 00:04:01

Health: -7/41      AC:  3    Str: 11    XL:     5   Next: 87%
Magic:  5/5        EV: 13    Int: 10    God:
Gold:   100        SH:  0    Dex: 18    Spells: 4/4 levels left

rFire   . . .        a - +0 shortbow
rCold   . . .        (shield currently unavailable)
rNeg    . . .        c - +0 leather armour
rPois   .            (no helmet)
rElec   .            (no cloak)
rCorr   .            (no gloves)
SInv    .            (no boots)
Will    .....        (no amulet)
Stlth   ++           (no ring)
HPRegen 0.26/turn    (no ring)
MPRegen 0.09/turn

%: no passive effects
@: no status effects
A: no striking features
a: no special abilities


You were on level 3 of the Dungeon.
You visited 1 branch of the dungeon, and saw 3 of its levels.

You collected 100 gold pieces.

Inventory:

Hand Weapons
 a - a +0 shortbow (weapon)
 f - a +1 falchion of holy wrath
 k - a +0 dagger of draining
Armour
 c - a +0 leather armour (worn)
 n - a +0 buckler
Jewellery
 d - an amulet of faith
Scrolls
 b - 2 scrolls of immolation
 m - a scroll of acquirement {unknown}
Potions
 e - a potion of mutation {unknown}
 g - 2 potions of degeneration {unknown}
 h - 2 potions of curing
 i - 2 potions of heal wounds
 j - a potion of attraction {unknown}
 l - a potion of might {unknown}


   Skills:
 + Level 3.6 Fighting
 + Level 5.0 Ranged Weapons
 + Level 3.5 Dodging
 - Level 1.0 Stealth


You had 4 spell levels left.
You didn't know any spells.
Your spell library contained the following spells:

 Spells                   Type           Power      Damage    Failure   Level
 Ozocubu's Armour         Ice            0%         N/A       83%         3
 Metabolic Englaciation   Hex/Ice        0%         N/A       100%        5
 Simulacrum               Ice/Necr       0%         N/A       100%        6


Dungeon Overview and Level Annotations

Branches:
Dungeon (3/15)

Altars:


Message History

You shoot an arrow. The arrow hits the ice beast!
The ice beast is heavily wounded.
You shoot an arrow. The arrow barely misses the ice beast.
You shoot an arrow. The arrow hits the ice beast.
The ice beast is severely wounded.
The ice beast hits you. The ice beast freezes you!
The ice beast closely misses you.
You shoot an arrow. The arrow closely misses the ice beast.
The ice beast closely misses you.
You shoot an arrow. The arrow closely misses the ice beast.
The ice beast hits you but does no damage.
You shoot an arrow. The arrow hits the ice beast.
The ice beast is severely wounded.
The ice beast closely misses you.
You shoot an arrow. The arrow closely misses the ice beast.
The ice beast barely misses you. The ice beast hits you.
The ice beast freezes you!
* * * LOW HITPOINT WARNING * * *
You feel much better. The ice beast closely misses you.
You shoot an arrow. The arrow hits the ice beast.
The ice beast is almost dead.
The ice beast hits you. The ice beast freezes you!
You shoot an arrow. The arrow hits the ice beast.
The ice beast is almost dead.
The ice beast hits you. The ice beast freezes you!
You are too injured to fight recklessly!
You are too injured to fight recklessly!
Fire: a) +0 shortbow
Press: ? - help, Q - select action Shift-Dir - straight line, f/p - ice beast
Aim: an ice beast (almost dead, 64% to hit)
You shoot an arrow. The arrow hits the ice beast.
The ice beast is almost dead.
The ice beast hits you.
* * * LOW HITPOINT WARNING * * *
The ice beast freezes you.
* * * LOW HITPOINT WARNING * * *
The ice beast hits you.
* * * LOW HITPOINT WARNING * * *
The ice beast freezes you!
You die...

......... ....##.#
)......# .....###
.....##### .........##
.......#..## ###
...###.....########.....
..## ####.......@Y......
### ##..#######.....
#....... ... #.........
. #<........#
#####.##### .. ~.#


You could see an ice beast.

Vanquished Creatures
  Natasha (thrice) (D:2)
  Terence (D:3)
  3 adders (D:2)
  2 orcs
  5 ball pythons
  8 endoplasms
  2 giant cockroaches
  3 goblins
  5 hobgoblins
  6 kobolds
  A quokka (D:3)
  A bat (D:2)
  2 frilled lizards (D:1)
  7 rats
49 creatures vanquished.

Notes
Turn   | Place    | Note
-------+----------+-------------------------------------------
     0 | D:1      | Graphine the Human Hunter began the quest for the Orb.
     0 | D:1      | Reached XP level 1. HP: 16/16 MP: 1/1
   219 | D:1      | Reached XP level 2. HP: 22/22 MP: 2/2
   720 | D:1      | Reached XP level 3. HP: 28/28 MP: 3/3
  1040 | D:2      | Noticed Natasha
  1057 | D:2      | Killed Natasha
  1058 | D:2      | Reached XP level 4. HP: 6/34 MP: 4/4
  1401 | D:2      | Noticed Natasha
  1410 | D:2      | Killed Natasha
  1411 | D:2      | Reached XP level 5. HP: 28/41 MP: 5/5
  1443 | D:2      | Noticed Natasha
  1450 | D:2      | Killed Natasha
  2051 | D:3      | Noticed Terence
  2060 | D:3      | Killed Terence
  2061 | D:3      | Reached skill level 5 in Ranged Weapons
  2171 | D:3      | Noticed an ice beast
  2184 | D:3      | Mangled by an ice beast

Illustrated notes

Levels and vault maps discovered:
D:1:      dpeg_arrival_rhombi, layout_basic, chequers_avenue
D:2:      layout_basic, uniq_natasha
D:3:      layout_rooms, grunt_dithmenos_smoke_and_mirrors, gup_sewer_entry_pipe,
          uniq_terence, uniq_grinder

Skill      XL: |  1  2  3  4  5 |
---------------+----------------+-----
Fighting       | 3 |  3.6
Dodging        | 3 |  3.5
Ranged Weapons | 5 |  5.0
Stealth        | |  1.0

Action                     |  1- 3 |  4- 6 || total
---------------------------+-------+-------++-------
   Fire: Shortbow          |    58 |    99 ||   157
    Use: Scroll            |     2 |     4 ||     6
         Potion            |     2 |     1 ||     3
 Armour: Leather armour    |     4 |     8 ||    12
  Dodge: Dodged            |    14 |    25 ||    39
